 Dungeon Crawl Stone Soup version 0.31.0-1-g2c135a0 (webtiles) character file.

Game seed: 6562626715736570725

109 samcosmo the Apothecary (level 4, -1/25 HPs)
             Began as a Deep Elf Alchemist on Mar 13, 2024.
             Incinerated by a bombardier beetle (2 damage)
             ... with a burning spray
             ... on level 3 of the Dungeon.
             The game lasted 00:11:34 (2096 turns).

samcosmo the Apothecary (Deep Elf Alchemist)        Turns: 2096, Time: 00:11:35

Health: -1/25      AC:  2    Str:  5    XL:     4   Next: 60%
Magic:  12/12      EV: 12    Int: 22    God:
Gold:   117        SH:  0    Dex: 15    Spells: 6/12 levels left

rFire   . . .        f - +1 short sword
rCold   . . .        (no shield)
rNeg    + . .        a - +0 robe
rPois   .            (no helmet)
rElec   .            (no cloak)
rCorr   .            (no gloves)
SInv    .            (no boots)
Will    .....        (no amulet)
Stlth   +            g - ring of positive energy
HPRegen 0.24/turn    (no ring)
MPRegen 0.13/turn

%: no passive effects
@: mighty, on fire, glowing
A: no striking features
a: no special abilities


You were on level 3 of the Dungeon.
You visited 1 branch of the dungeon, and saw 3 of its levels.

You collected 117 gold pieces.

Inventory:

Hand Weapons
 f - a +1 short sword (weapon)
Armour
 a - a +0 robe (worn)
Jewellery
 c - a ring of positive energy
 g - a ring of positive energy (left hand)
Talismans
 l - a serpent talisman
Wands
 k - a wand of digging (6)
Scrolls
 i - a scroll of acquirement {unknown}
 m - a scroll of enchant weapon
 n - a scroll of poison {unknown}
Potions
 b - a potion of magic
 d - a potion of might
 e - a potion of curing {unknown}
 h - a potion of mutation {unknown}
 j - 3 potions of heal wounds {unknown}


   Skills:
 * Level 1.5 Fighting
 - Level 2.4 Dodging
 - Level 2.4 Stealth
 + Level 4.5 Spellcasting
 + Level 1.1 Conjurations
 + Level 4.6 Alchemy


You had 6 spell levels left.
You knew the following spells:

 Your Spells              Type           Power      Damage    Failure   Level
a - Sting                 Conj/Alch      68%        1d7       3%          1
b - Mercury Vapours       Alch/Air       30%        N/A       6%          2
c - Mephitic Cloud        Conj/Alch/Air  13%        N/A       14%         3

Your spell library contained the following spells:

 Spells                   Type           Power      Damage    Failure   Level
 Foxfire                  Conj/Fire      28%        2x1d5     9%          1
 Slow                     Hex            16%        N/A       11%         1
 Olgreb's Toxic Radiance  Alch           25%        N/A       16%         4
 Confusing Touch          Hex            4%         N/A       32%         3
 Sigil of Binding         Hex            4%         N/A       32%         3
 Vampiric Draining        Necr           4%         2d6       32%         3
 Sticky Flame             Fire/Alch      15%        2d5       38%         4
 Plasma Beam              Fire/Air       2%         2x1d12    100%        6
 Starburst                Conj/Fire      3%         6d3       100%        6


Dungeon Overview and Level Annotations

Branches:
Dungeon (3/15)

Altars:

Shops:
D:2 ?


Message History

The endoplasm is severely wounded.
You kill the endoplasm!
A bombardier beetle is nearby!
Found a cyan potion and 9 gold pieces.
Magic restored.
j - 3 cyan potions (gained 1)
You now have 99 gold pieces (gained 9).
Found a stone staircase leading down.
n - a scroll labelled IDESIEZIMA
Found 18 gold pieces.
Found 6 stones.
You now have 117 gold pieces (gained 18).
Found 12 gold pieces.
Casting: Sting (safe; 3% risk of failure)
Confirm with . or Enter, or press ? or * to list all spells.
You can't see any susceptible monsters within range! (Use Z to cast anyway.)
The bombardier beetle sprays incendiary fluid at you.
The burning spray hits you.
You are covered in liquid fire!
You shake off some of the fire as you move.
The liquid fire burns you!
You shake off some of the fire as you move.
The liquid fire burns you!
You hit the bombardier beetle.
The bombardier beetle is lightly wounded.
The liquid fire burns you!
You hit the bombardier beetle but do no damage.
The bombardier beetle is lightly wounded.
The liquid fire burns you! The bombardier beetle misses you.
It was a potion of might.
You feel very mighty all of a sudden. The liquid fire burns you!
* * * LOW HITPOINT WARNING * * *
The bombardier beetle bites you.
* * * LOW HITPOINT WARNING * * *
You barely miss the bombardier beetle.
The bombardier beetle is lightly wounded.
The liquid fire burns you!
You die...

#..........### #...#
#............. ##....
.............. #..$.#
#............. ....#
#.............
...#....÷>.........
..#.#.............
#B................
##@##..........†...
#..................
#.#..........#.....
#.#.......#####.###
#.#...###.# #.##.
#.#...###.# #.#..
###.#....##.# #.... #
#.....##.##..####..##
.##....#......#
#......##


You could see a bombardier beetle.

Vanquished Creatures
  Terence (D:2)
  3 adders (D:2)
  A ribbon worm (D:3)
  2 dart slugs (D:2)
  3 endoplasms
  A giant cockroach (D:2)
  5 goblins
  10 hobgoblins
  2 jackals (D:2)
  3 kobolds
  3 quokkas
  3 ball pythons (D:2)
  5 bats
  A frilled lizard (D:2)
  A rat (D:2)
44 creatures vanquished.

Notes
Turn   | Place    | Note
-------+----------+-------------------------------------------
     0 | D:1      | samcosmo the Deep Elf Alchemist began the quest for the
                  | Orb.
     0 | D:1      | Reached XP level 1. HP: 10/10 MP: 6/6
   396 | D:1      | Reached XP level 2. HP: 16/16 MP: 2/8
   495 | D:1      | Learned a level 2 spell: Mercury Vapours
   887 | D:2      | Noticed Terence
   899 | D:2      | Killed Terence
   900 | D:2      | Reached skill level 1 in Fighting
   900 | D:2      | Reached XP level 3. HP: 17/20 MP: 0/10
  1343 | D:2      | Reached XP level 4. HP: 16/25 MP: 4/12
  1512 | D:2      | Found Sooshr Piong's Magic Scroll Shop.
  1676 | D:3      | Found a faded altar of an unknown god.
  1749 | D:3      | Learned a level 3 spell: Mephitic Cloud
  2095 | D:3      | HP: 1/25 [bombardier beetle (1)]
  2096 | D:3      | Incinerated by a bombardier beetle

Illustrated notes

Levels and vault maps discovered:
D:1:      hellmonk_arrival_library, layout_basic
D:2:      layout_rooms, serial_shops, nicolae_shop_rolling_square, uniq_terence
D:3:      layout_rooms, nicolae_ecumenical_pavilion

Skill      XL: |  1  2  3 |
---------------+----------+-----
Fighting       | 1 |  1.5
Alchemy        | 4 |  4.6
Spellcasting   | 4 |  4.5
Dodging        | |  2.4
Stealth        | |  2.4
Conjurations   | |  1.1

Action                     |  1- 3 |  4- 6 || total
---------------------------+-------+-------++-------
  Melee: Short sword       |     6 |     4 ||    10
   Cast: Sting             |    54 |    31 ||    85
         Mercury Vapours   |     1 |       ||     1
    Use: Scroll            |       |     4 ||     4
         Potion            |       |     1 ||     1
 Armour: Robe              |     5 |     3 ||     8
  Dodge: Dodged            |    16 |     7 ||    23
         Form:             |     1 |       ||     1
         Serpent           |     1 |       ||     1
